 Zot Defence DCSS version 0.15.2 (webtiles) character file.

113 dunnergy the Skirmisher (level 4, -6/38 HPs)
             Began as a Demonspawn Abyssal Knight on May 1, 2015.
             Was a Believer of Lugonu.
             Mangled by Arbolt the orc warrior
             ... wielding a +0 battleaxe
              (15 damage)
             ... in the Realm of Zot (Scenario IV: Columnade).
             The game lasted 00:02:57 (396 turns).

dunnergy the Skirmisher (Demonspawn Abyssal Knight)  Turns: 396, Time: 00:02:58

HP  -6/38        AC  3     Str 13      XL: 4   Next: 65%
MP   5/5         EV 10     Int 14      God: Lugonu [**....]
Gold 0           SH  0     Dex 12      Spells:  0 memorised,  3 levels left

rFire  . . .     SeeInvis .     a - +1 spear
rCold  . . .     Clarity  .     b - +0 leather armour
rNeg   . . .     rCorr    .     (no shield)
rPois  .         rRot     .     (no helmet)
rElec  .         Spirit   .     (no cloak)
SustAb .         Warding  .     (no gloves)
rMut   .         Stasis   .     (no boots)
Gourm  .                        (no amulet)
MR     .....                    (no ring)
                                (no ring)

@: not resistant to hostile enchantments, very unstealthy
A: talons 1
a: Make oklob sapling, Make arrow trap, Make plant, Remove Curse, Bend Space,
Renounce Religion


You were in the Realm of Zot.
You worshipped Lugonu.
Lugonu was pleased with you.
You were not hungry.

You visited 1 branch

Inventory:

Hand weapons
 a - a +1 spear (weapon)
Armour
 b - a +0 leather armour (worn)
Comestibles
 d - a bread ration
Scrolls
 i - a scroll of blinking
Potions
 c - 3 potions of curing
 f - a potion of haste
 g - 2 potions of magic
 h - a potion of berserk rage


   Skills:
 + Level 4.4 Fighting
 + Level 2.3 Polearms
 + Level 2.4 Armour
 + Level 1.2 Dodging
 + Level 2.8 Invocations


You had 3 spell levels left.
You didn't know any spells.

Dungeon Overview and Level Annotations

Branches:
    Zot (1/1)

Altars:


Innate Abilities, Weirdness & Mutations

You have sharp toenails.


Message History

Arbolt hits your oklob sapling but does no damage.
The rat bites you but does no damage.
Your oklob sapling spits acid at Arbolt.
The splash of acid hits Arbolt.
The acid corrodes Arbolt's equipment!
You hit Arbolt but do no damage.
Arbolt is lightly wounded.
Your oklob sapling spits acid at the rat.
The splash of acid hits the rat.
The rat writhes in agony as its flesh is eaten away!
The rat dies!
Lugonu accepts your collateral kill.
Arbolt barely misses you.
Arbolt hits your oklob sapling but does no damage.
You hit Arbolt but do no damage.
Arbolt is lightly wounded.
Your oklob sapling spits acid at Arbolt.
The splash of acid hits Arbolt.
The acid corrodes Arbolt's equipment!
Arbolt hits your oklob sapling with a battleaxe.
Arbolt hits you with a battleaxe!
You die...

▓▓▓▓▓▓▓▓▓ ▓▓▓▓▓ ▓▓.......▓▓
▓▓▓▓▓ ▓∆∆∆▓ ▓▓.........▓▓ ▓∆∆∆▓
▓∆∆∆▓▓ ▓...........▓ ▓▓∆∆∆▓
▓▓▓▓▓▓▓▓▓▓...)o@%%...▓▓▓▓▓▓▓▓▓▓
▓▓......%..P.P..)......▓▓
▓...%)................▓
▓...▓▓▓▓.......▓▓▓▓...▓
▓▓...▓▓▓▓.....▓▓▓▓...▓▓
▓▓...▓▓▓▓...▓▓▓▓...▓▓
▓▓...▓▓▓▓▓▓▓▓▓...▓▓ ▓▓...▓▓
▓▓...▓▓ ▓▓...▓▓ ▓▓...▓▓


You could see Arbolt the orc warrior and 2 friendly oklob saplings.

Vanquished Creatures
  A crimson imp (Zot)
  An ooze (Zot)
  6 bats (Zot)
  A giant cockroach (Zot)
  A ball python (Zot)
  A giant newt (Zot)
11 creatures vanquished.

Vanquished Creatures (collateral kills)
  A bat (Zot)
  3 kobolds (Zot)
  5 goblins (Zot)
  2 rats (Zot)
11 creatures vanquished.

Grand Total: 22 creatures vanquished

Notes
Turn   | Place    | Note
--------------------------------------------------------------
     0 | Zot      | dunnergy, the Demonspawn Abyssal Knight, began the quest for the Orb.
     0 | Zot      | Reached XP level 1. HP: 18/18 MP: 1/1
   224 | Zot      | Gained mutation: You have sharp toenails. [demonic ancestry]
   224 | Zot      | Reached XP level 2. HP: 21/24 MP: 2/2
   226 | Zot      | Reached skill level 1 in Dodging
   286 | Zot      | Noticed Sehoerau
   324 | Zot      | Killed Sehoerau the crimson imp
   324 | Zot      | Reached skill level 4 in Fighting
   324 | Zot      | Reached XP level 3. HP: 15/31 MP: 4/4
   324 | Zot      | Reached XP level 4. HP: 18/38 MP: 5/5
   382 | Zot      | Acquired Lugonu's second power
   386 | Zot      | Noticed Arbolt
   396 | Zot      | Mangled by Arbolt the orc warrior

Action                   |  1- 3 |  4- 6 || total
-------------------------+-------+-------++-------
Melee: Spear             |    41 |    19 ||    60
 Abil: Make oklob saplin |     1 |     1 ||     2
  Use: Potion            |       |     1 ||     1
 Stab: Distracted        |       |     1 ||     1
